 Dungeon Crawl Stone Soup version 0.22.1-1-ga44c0e56f4 (webtiles) character file.

46 Nixze the Magician (level 3, 0/19 HPs)
             Began as a Deep Elf Ice Elementalist on Nov 2, 2018.
             Killed by divine providence
             ... invoked by an orc priest
              (10 damage)
             ... on level 2 of the Dungeon.
             The game lasted 00:03:41 (1176 turns).

Nixze the Magician (Deep Elf Ice Elementalist)      Turns: 1176, Time: 00:03:42

Health: 0/19       AC:  4    Str:  5    XL:     3   Next: 46%
Magic:  0/10       EV: 13    Int: 20    God:
Gold:   41         SH:  0    Dex: 15    Spells: 7/10 levels left

rFire    . . .     SeeInvis .   l - -1 dagger (curse)
rCold    . . .     Gourm    .   (no shield)
rNeg     . . .     Faith    .   a - +0 robe
rPois    .         Spirit   .   h - +0 helmet
rElec    .         Reflect  .   (no cloak)
rCorr    .         Harm     .   k - +0 pair of gloves (curse)
MR       .....                  (no boots)
Stlth    ++........             j - amulet of regeneration
HPRegen  0.46/turn              (no ring)
MPRegen  0.12/turn              (no ring)

@: no status effects
A: no striking features
a: no special abilities


You were on level 2 of the Dungeon.
You were not hungry.

You visited 1 branch of the dungeon, and saw 2 of its levels.

You collected 41 gold pieces.

Inventory:

Hand Weapons
 l - a cursed -1 dagger (weapon)
Missiles
 g - 56 stones (quivered)
Armour
 a - a +0 robe (worn)
 h - a +0 helmet (worn)
 k - a cursed +0 pair of gloves (worn)
Jewellery
 j - an amulet of regeneration (around neck)
Scrolls
 b - 3 scrolls of teleportation {unknown}
 e - 2 scrolls of identify {unknown}
 f - 2 scrolls of amnesia {unknown}
 i - a scroll of immolation {unknown}
 n - a scroll of random uselessness {unknown}
Potions
 d - a potion of lignification {unknown}
 m - a potion of haste {unknown}
Comestibles
 c - 3 rations
 o - a chunk of flesh


   Skills:
 - Level 2.4 Dodging
 - Level 2.4 Stealth
 + Level 4.2 Spellcasting
 + Level 1.5 Conjurations
 + Level 4.1 Ice Magic


You had 7 spell levels left.
You knew the following spells:

 Your Spells              Type           Power        Failure   Level  Hunger
a - Freeze                Ice            ###.         2%          1    None
b - Throw Frost           Conj/Ice       ###...       6%          2    #......

Your spell library contained the following spells:

 Spells                   Type           Power        Failure   Level  Hunger
 Ozocubu's Armour         Chrm/Ice       ##......     16%         3    ###....
 Throw Icicle             Conj/Ice       ###.....     36%         4    ####...
 Summon Ice Beast         Ice/Summ       ##......     47%         4    ####...


Dungeon Overview and Level Annotations

Branches:
Dungeon (2/15)

Altars:


Message History

Casting: Freeze (safe; 2% risk of failure)
Confirm with . or Enter, or press ? or * to list all spells.
Aiming: Freeze (safe; 2% risk of failure)
Press: ? - help, Shift-Dir - straight line, f/p - orc priest
Aim: an orc priest, wearing a ring mail (moderately wounded)
You freeze the orc priest.
The orc priest is heavily wounded.
The orc misses you. The orc priest closely misses you.
Casting: Freeze (safe; 2% risk of failure)
Confirm with . or Enter, or press ? or * to list all spells.
Aiming: Freeze (safe; 2% risk of failure)
Press: ? - help, Shift-Dir - straight line, f/p - orc priest
Aim: an orc priest, wearing a ring mail (heavily wounded)
You freeze the orc priest.
The orc priest is severely wounded.
The orc hits you but does no damage. The orc priest barely misses you.
The orc priest invokes the aid of Beogh against you.
Beogh smites you!
Ouch! That really hurt!
You die...

.####......#######
#........)###
#########.# #......#)#
#.####.#.#
#############.####.#.#
................)..#.#
#############.######.#
................@o.oo#
.###########.#########
## #.# #.# #.# #.#
############.#
.............#
##############


You could see an orc priest and 2 orcs.

Vanquished Creatures
  An adder (D:2)
  A leopard gecko (D:1)
  3 orcs (D:2)
  2 bats
  2 giant cockroaches (D:1)
  6 goblins
  6 hobgoblins
  2 jackals (D:2)
  A frilled lizard (D:1)
  3 kobolds
  3 rats (D:1)
30 creatures vanquished.

Notes
Turn   | Place    | Note
-------+----------+-------------------------------------------
     0 | D:1      | Nixze the Deep Elf Ice Elementalist began the quest for the
                  | Orb.
     0 | D:1      | Reached XP level 1. HP: 10/10 MP: 6/6
   171 | D:1      | Reached XP level 2. HP: 15/15 MP: 2/8
   773 | D:1      | Learned a level 2 spell: Throw Frost
   961 | D:2      | Reached XP level 3. HP: 19/19 MP: 1/10
  1176 | D:2      | Killed from afar by an orc priest

Skill      XL: |  1  2 |
---------------+-------+-----
Spellcasting   | 4 |  4.2
Ice Magic      | 4 |  4.1
Dodging        | |  2.4
Stealth        | |  2.4
Conjurations   | |  1.5

Action                   || total
-------------------------++-------
Melee: Unarmed           ||     1
 Cast: Freeze            ||    43
       Throw Frost       ||    10
  Eat: Chunk             ||     1
Armor: Robe              ||     8
Dodge: Dodged            ||    24
